 Dungeon Crawl Stone Soup version 0.23-a0-539-g3f6f39f (webtiles) character file.

454 aurelian the Grave Robber (level 6, 0/48 HPs)
             Began as a Draconian Necromancer on Dec 7, 2018.
             Slain by a centaur (9 damage)
             ... on level 5 of the Dungeon.
             The game lasted 00:13:42 (5678 turns).

aurelian the Grave Robber (Draconian Necromancer)   Turns: 5678, Time: 00:13:42

Health: 0/48       AC:  7    Str: 10    XL:     6   Next: 76%
Magic:  11/11      EV: 12    Int: 18    God:
Gold:   90         SH:  0    Dex: 11    Spells: 6/12 levels left

rFire    . . .     SeeInvis .   a - +1 dagger (venom)
rCold    . . .     Gourm    .   (no shield)
rNeg     . . .     Faith    .   (armour unavailable)
rPois    .         Spirit   .   (helmet restricted)
rElec    .         Reflect  .   w - +0 cloak
rCorr    .         Harm     .   (no gloves)
MR       .....                  (no boots)
Stlth    ++........             (no amulet)
HPRegen  0.16/turn              (no ring)
MPRegen  0.12/turn              (no ring)

@: very slightly contaminated, invisible
A: unfitting armour, cold-blooded, AC +6
a: no special abilities


You were on level 5 of the Dungeon.
You were not hungry.

You visited 1 branch of the dungeon, and saw 5 of its levels.

You collected 251 gold pieces.
You spent 161 gold pieces at shops.

Inventory:

Hand Weapons
 a - a +1 dagger of venom (weapon)
   (You took it off a goblin on level 3 of the Dungeon)
 b - a +0 hunting sling
   (You took it off a goblin on level 2 of the Dungeon)
 d - a +0 spear
   (You took it off a goblin on level 2 of the Dungeon)
 h - a +0 short sword
   (You took it off a kobold on level 1 of the Dungeon)
 o - a +0 vampiric whip {!w}
   (You took it off a kobold on level 1 of the Dungeon)
 q - a +0 dagger
   (You took it off a kobold on level 1 of the Dungeon)
 x - a +0 broad axe
   (You bought it in a shop on level 4 of the Dungeon)
Missiles
 c - 109 stones (quivered)
 g - 52 poisoned needles
 r - 37 sling bullets
Armour
 w - a +0 cloak (worn)
   (You bought it in a shop on level 4 of the Dungeon)
Jewellery
 k - an uncursed amulet of regeneration {unknown}
   (You found it on level 1 of the Dungeon)
 n - the ring "Zohop" {*Corrode rElec rN+++ MP-9 Dex+4}
   (You found it on level 5 of the Dungeon)

   [ring of dexterity]

   It affects your dexterity (+4).
   It insulates you from electricity.
   It renders you almost immune to negative energy.
   It affects your magic capacity (-9).
   It may corrode you when you take damage.
Scrolls
 f - 4 scrolls of teleportation {@r4}
 p - 4 scrolls of identify {@r1}
 y - a scroll of enchant weapon
Potions
 i - 2 potions of curing {@q1}
 j - a potion of might
 l - a potion of magic {unknown}
 m - 2 potions of invisibility
 s - 3 potions of degeneration {!q}
 t - a potion of berserk rage {unknown}
 u - 2 potions of haste {@q3}
 v - a potion of ambrosia {unknown}
Comestibles
 e - 8 rations {!d}


   Skills:
 + Level 2.2 Fighting
 + Level 1.6 Axes
 - Level 1.7 Dodging
 - Level 1.7 Stealth
 + Level 3.8 Spellcasting
 * Level 6.6 Necromancy


You had 6 spell levels left.
You knew the following spells:

 Your Spells              Type           Power        Failure   Level  Hunger
a - Pain                  Necr           ####         1%          1    None
b - Animate Dead          Necr           N/A          10%         4    ####...
u - Animate Skeleton      Necr           N/A          1%          1    None

Your spell library contained the following spells:

 Spells                   Type           Power        Failure   Level  Hunger
 Vampiric Draining        Necr           ####......   3%          3    ###....
 Regeneration             Chrm/Necr      ###.......   12%         3    ###....


Dungeon Overview and Level Annotations

Branches:
Dungeon (5/15)
 Temple: D:4-7

Altars:
Sif Muna
Trog

Shops:
D:4 *::(}


Innate Abilities, Weirdness & Mutations

Your plain brown scales are hard. (AC +6)
You cannot fit into any form of body armour.
You are cold-blooded and may be slowed by cold attacks.


Message History

c - 108 stones (gained 1)
c - 109 stones (gained 1) All of the chunks of flesh in your inventory have rotted away.
You open the door.
There is an open door here.
There is a stone staircase leading down here.
Found an escape hatch in the floor.
Found a scroll of enchant weapon.
y - a scroll of enchant weapon
There is an open door here.
The centaur shouts!
The centaur wields a +0 shortbow.
The centaur shoots an arrow.
The arrow hits you.
You see here an arrow.
Unknown command.
The centaur shoots an arrow.
The arrow hits you!
There is an open door here.
The centaur unwields a +0 shortbow.
The centaur hits you.
Your +1 dagger of venom begins to drip with poison!
a - a +1 dagger of venom (weapon)
The centaur hits you!
You hit the centaur. The centaur hits you.
You barely miss the centaur. The centaur closely misses you.
The centaur hits you!
* * * LOW HITPOINT WARNING * * *
You closely miss the centaur.
The centaur hits you but does no damage.
Unknown command.
You hit the centaur. You tail-slap the centaur.
The centaur hits you but does no damage.
The centaur barely misses you.
You barely miss the centaur. The centaur completely misses you.
You closely miss the centaur. The centaur hits you.
* * * LOW HITPOINT WARNING * * *
The centaur hits you but does no damage.
You hit the centaur. The centaur misses you.
You barely miss the centaur. The centaur hits you.
* * * LOW HITPOINT WARNING * * *
The centaur closely misses you.
You fade into invisibility!
The centaur hits you.
* * * LOW HITPOINT WARNING * * *
You are very lightly contaminated with residual magic.
Unknown command.
You hit the centaur but do no damage.
The centaur is poisoned.
The centaur barely misses you. The centaur closely misses you.
You hit the centaur but do no damage. The centaur barely misses you.
You hit the centaur but do no damage.
The centaur looks even sicker.
The centaur hits you!
You die...

#.#.# #.#.# #...... #######...#
#.....# ......##..# #.....#
......# ..# #.....# ......###.##
#.....# ...........# #.....#
รท.....####.###...c.# ......#
#..##^.@..# ......# ##Y###'####
......# #.###(# ......# #..##.#
###########
......######.##'#######.........#
......#....#....................#
#######....##...................#
#....##...................#
#....###..................#


You could see a centaur.

Vanquished Creatures
  2 eyes of draining
  2 orc wizards (D:5)
  A howler monkey zombie (D:5)
  6 gnolls
  3 adders (D:3)
  A howler monkey skeleton (D:4)
  3 oozes
  An adder skeleton (D:5)
  7 worms
  2 dart slugs (D:1)
  A leopard gecko (D:1)
  3 orcs (D:4)
  7 bats
  3 giant cockroaches
  8 goblins
  4 hobgoblins
  3 jackals (D:3)
  4 kobolds
  4 quokkas
  2 frilled lizards
  A leopard gecko skeleton (D:4)
  10 rats
78 creatures vanquished.

Vanquished Creatures (collateral kills)
  A gnoll (D:2)
1 creature vanquished.

Grand Total: 79 creatures vanquished

Notes
Turn   | Place    | Note
-------+----------+-------------------------------------------
     0 | D:1      | aurelian the Draconian Necromancer began the quest for the
                  | Orb.
     0 | D:1      | Reached XP level 1. HP: 14/14 MP: 3/3
   684 | D:1      | Reached XP level 2. HP: 20/20 MP: 5/5
   776 | D:1      | Learned a level 1 spell: Animate Skeleton
  1488 | D:1      | Reached XP level 3. HP: 19/26 MP: 4/6
  2293 | D:2      | Reached skill level 5 in Necromancy
  2698 | D:2      | Reached XP level 4. HP: 22/33 MP: 4/8
  3419 | D:3      | Learned a level 4 spell: Animate Dead
  3815 | D:3      | Reached XP level 5. HP: 32/38 MP: 4/9
  4093 | D:4      | Found Estrast's Assorted Antiques.
  4154 | D:4      | Bought a cloak for 121 gold pieces
  4272 | D:4      | Found Huelud's Book Shoppe.
  4290 | D:4      | Found Ronet's Book Emporium.
  4569 | D:4      | Found Cunyaf's Weapon Boutique.
  4627 | D:4      | Found Luditsie's Gadget Shoppe.
  4636 | D:4      | Reached skill level 1 in Fighting
  4636 | D:4      | Reached skill level 6 in Necromancy
  4684 | D:4      | Bought a +0 broad axe for 40 gold pieces
  4845 | D:4      | Found a bloodstained altar of Trog.
  4845 | D:4      | Noticed an eye of draining
  4845 | D:4      | Noticed an eye of draining
  4967 | D:3      | Killed an eye of draining
  4967 | D:3      | Reached XP level 6. HP: 47/47 MP: 0/11
  5089 | D:4      | Reached skill level 1 in Axes
  5279 | D:5      | Entered Level 5 of the Dungeon
  5294 | D:5      | Got a vibrating brass ring
  5295 | D:5      | Identified the ring "Zohop" {*Corrode rElec rN+++ MP-9
                  | Dex+4} (You found it on level 5 of the Dungeon)
  5412 | D:5      | Noticed an ice beast
  5479 | D:5      | Found a deep blue altar of Sif Muna.
  5678 | D:5      | Slain by a centaur

Vault maps used:
D:1:      minmay_arrival_split_and_join
D:4:      trog_eyes_of_draining, serial_shops, shop, shop, nicolae_shop_stone,
          shop, shop
D:5:      first_ration, kennysheep_nondescript, led_sif_book

Skill      XL: |  1  2  3  4  5  6 |
---------------+-------------------+-----
Necromancy     | 5 6 |  6.6
Spellcasting   | 3 |  3.8
Fighting       | 1 2 |  2.2
Axes           | 1 |  1.6
Dodging        | |  1.7
Stealth        | |  1.7

Action                   |  1- 3 |  4- 6 || total
-------------------------+-------+-------++-------
Melee: Unarmed           |     8 |       ||     8
       Tailslap          |     6 |     6 ||    12
       Short sword       |    40 |    13 ||    53
       Dagger            |       |    36 ||    36
 Fire: Hunting sling     |       |   144 ||   144
 Cast: Pain              |    57 |    48 ||   105
       Animate Skeleton  |       |     1 ||     1
  Use: Scroll            |       |     8 ||     8
       Potion            |       |     1 ||     1
 Stab: Sleeping          |     3 |       ||     3
  Eat: Chunk             |     4 |     8 ||    12
       Ration            |       |     1 ||     1
Armor: Skin              |    30 |    33 ||    63
Dodge: Dodged            |    55 |    49 ||   104

Table legend:
 A = Non-vault XP
 B = Vault XP
 C = Vault XP percentage of total XP
 D = Non-vault monster count
 E = Vault monster count
 F = Vault count percentage of total count
                 A         B        C        D         E       F
            +---------+---------+-------+---------+---------+-------
      Total |     316 |     333 |  51.3 |      73 |       6 |   7.6
            +---------+---------+-------+---------+---------+-------
        D:1 |      63 |       0 |   0.0 |      22 |       0 |   0.0
        D:2 |      78 |       0 |   0.0 |      22 |       0 |   0.0
        D:3 |      61 |     127 |  67.6 |      14 |       1 |   6.7
        D:4 |      85 |     123 |  59.1 |      11 |       3 |  21.4
        D:5 |      29 |      83 |  74.1 |       4 |       2 |  33.3
            +---------+---------+-------+---------+---------+-------
